 Dungeon Crawl Stone Soup version 0.21-a0-1-gaf3b9a5 (webtiles) character file.

102 Gorglomux the Chopper (level 4, -2/41 HPs)
             Began as a Hill Orc Monk on May 20, 2017.
             Slain by Shinoi's ghost (4 damage)
             ... on level 3 of the Dungeon.
             The game lasted 00:02:58 (2659 turns).

Gorglomux the Chopper (Hill Orc Monk)               Turns: 2659, Time: 00:02:58

Health: -2/41      AC:  2    Str: 12    XL:     4   Next: 77%
Magic:  4/4        EV: 13    Int: 12    God:
Gold:   86         SH:  0    Dex: 15    Spells: 3/3 levels left

rFire    . . .     SeeInvis .   a - +0 hand axe
rCold    . . .     Gourm    .   (no shield)
rNeg     . . .     Faith    .   b - +0 robe
rPois    .         Spirit   .   (no helmet)
rElec    .         Reflect  .   (no cloak)
rCorr    .         Harm     .   (no gloves)
MR       .....                  (no boots)
Stlth    ++........             (no amulet)
Regen    0.2/turn               l - +2 ring of dexterity
MPRegen  0.1/turn               (no ring)

@: no status effects
A: clever 1, weak 1, no potion heal 1
a: no special abilities


You were on level 3 of the Dungeon.
You were hungry.

You visited 1 branch of the dungeon, and saw 3 of its levels.

You collected 86 gold pieces.

Inventory:

Hand Weapons
 a - a +0 hand axe (weapon)
Armour
 b - a +0 robe (worn)
Jewellery
 l - a +2 ring of dexterity (left hand)
   (You found it on level 3 of the Dungeon)
Scrolls
 d - 2 scrolls of remove curse {unknown}
 e - 2 scrolls of identify {unknown}
 g - a scroll of fear {unknown}
 i - a scroll of blinking {unknown}
 j - a scroll of teleportation {unknown}
Comestibles
 c - a bread ration {@e1}
 f - 6 fruits
 h - a royal jelly


   Skills:
 + Level 4.7 Fighting
 * Level 6.1 Axes
 - Level 2.4 Dodging
 - Level 1.5 Stealth


You had 3 spell levels left.
You didn't know any spells.

Dungeon Overview and Level Annotations

Branches:
Dungeon (3/15)

Altars:
Dithmenos
Kikubaaqudgha
Makhleb
Xom

Annotations:
D:3 Shinoi's ghost, amateur DsAK


Innate Abilities, Weirdness & Mutations

Your mind is acute. (Int +2)
You are weak. (Str -2)
Potions are less effective at restoring your health.


Message History

l - a twisted sapphire ring You are feeling hungry.
Put on which piece of jewellery? (? for menu, Esc to quit)
You feel agile.
l - a +2 ring of dexterity (left hand) No target in view!
You see here a bat skeleton.
A kobold comes into view. It is wielding a short sword.
The kobold shouts!
The kobold throws a stone.
The stone misses you.
You see here a stone.
A kobold is nearby!
The kobold throws a stone.
The stone completely misses you.
A kobold is nearby!
The kobold hits you with a short sword.
A rat comes into view.
There are monsters nearby!
You hit the kobold.
You kill the kobold!
A rat is nearby!
A rat is nearby!
You hit the rat.
You kill the rat!
Unknown command.
No target in view!
Unknown command.
Things that are here:
a short sword; a stone; a kobold corpse No target in view!
Unknown command.
e - 2 scrolls labeled HYKIRUISCHO (gained 1)
An orc comes into view. It is wielding a war axe.
Found a scroll labeled QAFYAZUXZA.
Found a stone staircase leading down.
A frilled lizard and an orc come into view.
Unknown command.
There are monsters nearby!
Unknown command.
There are monsters nearby!
Unknown command.
There are monsters nearby!
Shinoi's ghost (amateur Demonspawn Abyssal Knight) comes into view.
The orc shouts!
An orc comes into view. It is wielding a hand axe.
Shinoi's ghost turns its malevolent gaze towards you.
The orc shouts!
You slash the frilled lizard!
You kill the frilled lizard!
An orc wizard comes into view. It is wielding a dagger.
The orc wizard shouts!
You hit Shinoi's ghost but do no damage.
Shinoi's ghost hits you but does no damage.
Shinoi's ghost misses you. Shinoi's ghost hits you.
Here: Shinoi's ghost The floor.
It was a potion of mutation.
You feel extremely strange.
Your system partially rejects the healing effects of potions.
You feel weaker.
You feel clever. Shinoi's ghost hits you!
Unknown command.
Unknown command.
Shinoi's ghost misses you.
The orc shouts!
An orc comes into view.
The orc shouts!
The orc hits you but does no damage. x2
You barely miss the orc. You closely miss the orc.
You barely miss Shinoi's ghost. The orc barely misses you.
The orc hits you with a club. Shinoi's ghost closely misses you.
The orc hits you with a club.
You hit the orc.
You hit Shinoi's ghost but do no damage.
You hit the orc. The orc hits you. Shinoi's ghost hits you.
You hit the orc.
You kill the orc!
You hit the orc. You barely miss Shinoi's ghost.
Shinoi's ghost lets out a mournful wail.
Shinoi's ghost barely misses you. The orc hits you but does no damage.
You hit the orc but do no damage. You hit the orc. You hit Shinoi's ghost.
The orc hits you but does no damage. Shinoi's ghost barely misses you.
The orc barely misses you.
You hit the orc wizard but do no damage.
You hit the orc.
You kill the orc!
You hit the orc.
You kill the orc!
The orc wizard casts a spell at you. The magic dart hits you!
You closely miss the orc wizard.
You hit Shinoi's ghost but do no damage.
The orc wizard points at you and mumbles some strange words.
The puff of frost hits you!
* * * LOW HITPOINT WARNING * * *
Shinoi's ghost hits you!
* * * LOW HITPOINT WARNING * * *
You hit the orc wizard. You hit the orc.
You hit Shinoi's ghost but do no damage.
Shinoi's ghost hits you.
You die...

####.# #....# #.##.#
#.##.# #.##o# ######
#.##.# #.....
#########.##.######.....
#.......o......#......(.
#......@W[.....#........
#.......o......#........
...............#........
...............#........
.......##......#........
..........?.>......(....
.###########.#..........
...#..........
....#..........


You could see an orc wizard, Shinoi's ghost and an orc.

Vanquished Creatures
  A gnoll (D:1)
  2 adders (D:2)
  A worm (D:2)
  A dart slug (D:1)
  3 orcs (D:3)
  9 giant cockroaches
  5 goblins (D:1)
  9 hobgoblins (D:1)
  7 jackals
  6 bats
  4 frilled lizards
  5 kobolds
  10 rats
63 creatures vanquished.

Notes
Turn   | Place    | Note
-------+----------+-------------------------------------------
     0 | D:1      | Gorglomux the Hill Orc Monk began the quest for the Orb.
     0 | D:1      | Reached XP level 1. HP: 19/19 MP: 1/1
    31 | D:1      | HP: 5/20 [hobgoblin/club (3)]
   328 | D:1      | Reached XP level 2. HP: 24/27 MP: 2/2
   419 | D:1      | HP: 6/27 [jackal (2)]
   420 | D:1      | Reached skill level 4 in Fighting
   786 | D:1      | Reached skill level 5 in Axes
   802 | D:1      | Reached XP level 3. HP: 22/33 MP: 3/3
  1402 | D:1      | Found a burning altar of Makhleb.
  1404 | D:1      | Found an ancient bone altar of Kikubaaqudgha.
  1404 | D:1      | Found a basalt altar of Yredelemnul.
  1406 | D:1      | Found a shimmering altar of Xom.
  1406 | D:1      | Found a burning altar of Makhleb.
  1406 | D:1      | Found a shadowy altar of Dithmenos.
  1630 | D:2      | Reached XP level 4. HP: 39/41 MP: 4/4
  2237 | D:2      | Reached skill level 6 in Axes
  2493 | D:2      | You fall through a shaft!
  2627 | D:3      | Noticed Shinoi's ghost (amateur DsAK)
  2640 | D:3      | Gained mutation: Potions are less effective at restoring your health. [potion of mutation]
  2640 | D:3      | Gained mutation: You are weak. (Str -2) [potion of mutation]
  2640 | D:3      | Gained mutation: Your mind is acute. (Int +2) [potion of mutation]
  2658 | D:3      | HP: 9/41 [orc wizard/puff of frost (8)]
  2658 | D:3      | HP: 2/41 [Shinoi's ghost (7)]
  2659 | D:3      | Slain by Shinoi's ghost

Vault maps used:
D:1:      lightli_arrival_statue_moat, serial_bayou_pond_a, doesnt_xom_only_xom
D:3:      makhleb_heckhound_becter, nicolae_gozag_seed_capital

Skill      XL: |  1  2  3  4 |
---------------+-------------+-----
Fighting       | 4 |  4.7
Axes           | 5 6 |  6.1
Dodging        | |  2.4
Stealth        | |  1.5

Action                   |  1- 3 |  4- 6 || total
-------------------------+-------+-------++-------
Melee: Hand axe          |   135 |    79 ||   214
  Use: Potion            |     1 |     1 ||     2
 Stab: Sleeping          |     2 |       ||     2
  Eat: Chunk             |     2 |     3 ||     5
Armor: Robe              |    26 |    12 ||    38
Dodge: Dodged            |    94 |    61 ||   155

Vault maps used:
D:1:      lightli_arrival_statue_moat, serial_bayou_pond_a, doesnt_xom_only_xom
D:3:      makhleb_heckhound_becter, nicolae_gozag_seed_capital

Table legend:
 A = Turns spent in this place as a percentage of turns spent in the entire game.
 B = Non-inter-level travel turns spent in this place as a percentage of non-inter-level travel turns spent in the entire game.
 C = Inter-level travel turns spent in this place as a percentage of turns spent in this place.
 D = Turns resting spent in this place as a percentage of non-inter-level travel turns spent in this place.
 E = Turns spent auto-exploring this place as a percentage of non-inter-level travel turns spent in this place.
 F = Non-inter-level travel turns spent in this place divided by the number of levels of this place that you've seen.
                   A       B       C       D       E      F
               +-------+-------+-------+-------+-------+----------------------
         Total | 100.0 | 100.0 |   0.1 |   1.7 |   7.8 | 314.3
       Dungeon | 100.0 | 100.0 |   0.1 |   1.7 |   7.8 | 314.3
               +-------+-------+-------+-------+-------+----------------------

Table legend:
 A = Kills in this place as a percentage of kills in entire the game.
 B = Kills by you in this place as a percentage of kills by you in the entire game.
 C = Kills by friends in this place as a percentage of kills by friends in the entire game.
 D = Other kills in this place as a percentage of other kills in the entire game.
 E = Experience gained in this place as a percentage of experience gained in the entire game.
 F = Experience gained in this place divided by the number of levels of this place that you have seen.
                   A       B       C       D       E      F
               +-------+-------+-------+-------+-------+----------------------
         Total | 100.0 | 100.0 |  -nan |  -nan | 100.0 |  48.7
       Dungeon | 100.0 | 100.0 |  -nan |  -nan | 100.0 |  48.7
               +-------+-------+-------+-------+-------+----------------------
